 Dungeon Crawl Stone Soup version 0.29-a0-555-g3b24f45cc1 (webtiles) character file.

Game seed: 4158221667575067046

30 porpoise the Vexing (level 3, -2/28 HPs)
             Began as a Formicid Arcane Marksman on June 8, 2022.
             Slain by Crazy Yiuf
             ... wielding a +3 quarterstaff of chaos
              (5 damage)
             ... on level 2 of the Dungeon.
             The game lasted 00:03:37 (1425 turns).

porpoise the Vexing (Formicid Arcane Marksman)      Turns: 1425, Time: 00:03:37

Health: -2/28      AC:  6    Str: 14    XL:     3   Next: 35%
Magic:  4/4        EV:  9    Int: 14    God:
Gold:   78         SH:  0    Dex: 11    Spells: 3/4 levels left

rFire   . . .      SeeInvis +   b - +0 broad axe
rCold   . . .      Faith    .   (no shield)
rNeg    . . .      Spirit   .   d - +0 scale mail
rPois   +          Reflect  .   (helmet unavailable)
rElec   .          Harm     .   (no cloak)
rCorr   .          Rampage  .   (no gloves)
Will    .....                   (no boots)
Stlth   ..........              (no amulet)
HPRegen 0.09/turn               p - ring of poison resistance
MPRegen 0.09/turn               (no ring)

@: no status effects
A: permanent stasis, dig shafts and tunnels, antennae 3, four strong arms
a: Dig, Shaft Self


You were on level 2 of the Dungeon.
You visited 1 branch of the dungeon, and saw 2 of its levels.

You collected 78 gold pieces.

Inventory:

Hand Weapons
 a - a +0 hand crossbow
 b - a +0 broad axe (weapon)
 n - a +0 spear
Armour
 d - a +0 scale mail (worn)
Jewellery
 m - a +6 ring of intelligence
 p - a ring of poison resistance (left hand)
 q - an amulet of magic regeneration
Scrolls
 c - a scroll of vulnerability
 f - a scroll of noise {unknown}
 g - a scroll of immolation
 h - a scroll of enchant armour {unknown}
 i - a scroll of identify {unknown}
 k - a scroll of fog {unknown}
 l - a scroll of silence {unknown}
 o - a scroll of teleportation {unknown}
Potions
 e - a potion of lignification {unknown}
 j - a potion of curing {unknown}


   Skills:
 * Level 2.8 Fighting
 - Level 2.0 Crossbows
 - Level 1.7 Dodging
 + Level 1.8 Stealth
 - Level 1.1 Spellcasting
 - Level 3.6 Hexes


You had 3 spell levels left.
You knew the following spells:

 Your Spells              Type           Power      Damage    Failure   Level
a - Slow                  Hex            40%        N/A       26%         1

Your spell library contained the following spells:

 Spells                   Type           Power      Damage    Failure   Level
 Inner Flame              Hex/Fire       5%         N/A       86%         3
 Portal Projectile        Hex/Tloc       10%        N/A       86%         3
 Cause Fear               Hex            5%         N/A       95%         4


Dungeon Overview and Level Annotations

Branches:
Dungeon (2/15)

Altars:

Annotations:
D:2 Crazy Yiuf


Innate Abilities, Weirdness & Mutations

You cannot be hasted, slowed, berserked, paralysed or teleported.
You can dig through walls and to a lower floor.
You have a pair of large antennae on your head. (SInv)
Your four strong arms can wield two-handed weapons with a shield.


Message History

The worm is heavily wounded.
The worm bites you but does no damage.
You slash the worm!
You kill the worm!
You start waiting.
Done waiting.
a - a +0 hand crossbow (weapon)
There is an open door here.
You now have 67 gold pieces (gained 1).
You now have 78 gold pieces (gained 11).
Found a club.
l - a scroll labelled DUMYUT SUTOLO You see here a +0 club.
Found a plate armour and a spear.
Found an iron ring.
m - a +6 ring of intelligence You see here a +0 spear.
n - a +0 spear You see here a +0 plate armour.
o - a scroll labelled XIOSKYAPTOI You see here a +0 plate armour.
p - a ring of poison resistance
p - a ring of poison resistance (left hand)
q - an amulet of magic regeneration
Found a glowing mace.
Found a runed translucent door.
Unknown command.
Crazy Yiuf grits, "Defame!
Announcement sing sow."
b - a +0 broad axe (weapon)
You open the door. You barely miss Crazy Yiuf.
Crazy Yiuf completely misses you.
You barely miss Crazy Yiuf. Crazy Yiuf barely misses you.
Crazy Yiuf hits you with a +3 quarterstaff of chaos!
You closely miss Crazy Yiuf.
Crazy Yiuf hits you with a +3 quarterstaff of chaos!
Your stasis prevents you from being slowed.
You closely miss Crazy Yiuf.
Crazy Yiuf hits you with a +3 quarterstaff of chaos!
* * * LOW HITPOINT WARNING * * *
Crazy Yiuf hits you with a +3 quarterstaff of chaos.
You die...

#....# #.# ##..##
#.# ♣....♣
##########.# ♣...♣♣
#..^.......# ♣♣.♣♣
#.#######..# ♣.♣♣
#.# #####..# ♣♣.♣
#.###....... ♣.♣♣
#.#...##.... ♣♣@♣
#.#.#####... #g#
#.#.#####..# ...
#..........# #...#
###.######.# #..)#
#.# ##'# ##### ###.#
##... #...# ##....
#######..###.....
####........##......


You could see Crazy Yiuf.

Vanquished Creatures
  An adder (D:2)
  A worm (D:2)
  A ball python (D:1)
  4 endoplasms (D:1)
  A giant cockroach (D:1)
  2 hobgoblins (D:1)
  A quokka (D:2)
  2 bats (D:2)
  2 kobolds
  A rat (D:2)
16 creatures vanquished.

Notes
Turn   | Place    | Note
-------+----------+-------------------------------------------
     0 | D:1      | porpoise the Formicid Arcane Marksman began the quest for
                  | the Orb.
     0 | D:1      | Reached XP level 1. HP: 15/15 MP: 2/2
     2 | D:1      | Noticed a vampire
     2 | D:1      | Noticed a merfolk
     4 | D:1      | Noticed an octopode
     4 | D:1      | Noticed an elf
     8 | D:1      | Noticed a demigod
     8 | D:1      | Noticed a human
    12 | D:1      | Noticed a dwarf
    14 | D:1      | Noticed a spriggan
    14 | D:1      | Noticed a ghoul
    16 | D:1      | Noticed a demonspawn
    16 | D:1      | Noticed a naga
    18 | D:1      | Noticed a minotaur
    18 | D:1      | Noticed a formicid
    20 | D:1      | Noticed a tengu
    20 | D:1      | Noticed a troll
    22 | D:1      | Noticed a gargoyle
    22 | D:1      | Noticed an ogre
    24 | D:1      | Noticed a vine stalker
    24 | D:1      | Noticed a felid
    26 | D:1      | Noticed a draconian
   193 | D:1      | Found a faded altar of an unknown god.
   472 | D:1      | Reached skill level 1 in Stealth
   472 | D:1      | Reached XP level 2. HP: 22/22 MP: 3/3
  1082 | D:2      | Reached XP level 3. HP: 25/28 MP: 4/4
  1416 | D:2      | Found a runed translucent door.
  1417 | D:2      | Noticed Crazy Yiuf
  1425 | D:2      | Slain by Crazy Yiuf

Illustrated notes

Levels and vault maps discovered:
D:1:      kb_arrival_jail, layout_loops_ring, hellmonk_ecumenical_altar_blasted,
          kennysheep_decorative_pillar, minivault_25
D:2:      layout_loops_corners, uniq_crazy_yiuf_cottage

Skill      XL: |  1  2 |
---------------+-------+-----
Stealth        | 1 |  1.8
Fighting       | 2 |  2.8
Crossbows      | |  2.0
Dodging        | |  1.7
Spellcasting   | |  1.1
Hexes          | |  3.6

Action                   || total
-------------------------++-------
Melee: Broad axe         ||    39
       Punch             ||     1
 Fire: Hand crossbow     ||    33
Armor: Scale mail        ||    31
Dodge: Dodged            ||    31

Table legend: (Time is in decaauts)
 A = Elapsed time spent in this place.
 B = Non-inter-level travel time spent in this place.
 C = Inter-level travel time spent in this place.
 D = Time resting spent in this place.
 E = Time spent auto-exploring this place.
 F = Levels seen in this place.
 G = Mean time per level.
                   A        B        C        D        E       F      G
               +--------+--------+--------+--------+--------+-----+--------+
         Total |   1459 |   1424 |     35 |    244 |    917 |   2 |  729.5 |
       Dungeon |   1459 |   1424 |     35 |    244 |    917 |   2 |  729.5 |
               +--------+--------+--------+--------+--------+-----+--------+

Top non-repeatable levels by time:
     D:1: 865 daAuts
     D:2: 594 daAuts
